 Dungeon Crawl Stone Soup version 0.28-a0-1143-gcf6077d4cc (webtiles) character file.

Game seed: 2329497825915005100

9150 browni3141 the Carver (level 11, -5/77 HPs)
             Began as a Formicid Fighter on Dec 14, 2021.
             Was a Priest of Okawaru.
             Slain by a cyan ugly thing (14 damage)
             ... on level 9 of the Dungeon.
             The game lasted 00:19:52 (14384 turns).

browni3141 the Carver (Formicid Fighter)           Turns: 14384, Time: 00:19:53

Health: -5/77      AC:  8    Str: 25    XL:     11   Next: 69%
Magic:  21/22      EV: 13    Int: 20    God:    Okawaru [***...]
Gold:   598        SH:  6    Dex: 10    Spells: 24/25 levels left

rFire   . . .      SeeInvis +   a - +3 scimitar (protect)
rCold   . . .      Faith    .   c - +0 buckler
rNeg    . . .      Spirit   .   J - +1 robe of Vines {NoPotionHeal Regen++++}
rPois   .          Reflect  .   (helmet unavailable)
rElec   .          Harm     .   i - +0 cloak
rCorr   .          Rampage  .   I - +2 pair of gloves {Stlth+}
Will    +....                   (no boots)
Stlth   ++++......              (no amulet)
HPRegen 3.42/turn               A - +6 ring of intelligence
MPRegen 0.18/turn               D - +6 ring of intelligence

@: heroic
A: permanent stasis, dig shafts and tunnels, antennae 3, four strong arms
a: Dig, Shaft Self, Renounce Religion, Heroism


You were on level 9 of the Dungeon.
You worshipped Okawaru.
Okawaru was most pleased with you.
You visited 2 branches of the dungeon, and saw 11 of its levels.
You also visited: Sewer.

You collected 656 gold pieces.
You spent 58 gold pieces at shops.

Inventory:

Hand Weapons
 a - a +3 scimitar of protection (weapon)
 b - a +0 hand crossbow
 g - a +2 dagger of venom
 y - a +0 long sword
Missiles
 v - 2 throwing nets
 x - 64 bolts
 F - 30 poisoned darts
Armour
 c - a +0 buckler (worn)
 i - a +0 cloak (worn)
 k - a +0 pair of gloves
 n - a +0 chain mail
 w - a +0 scale mail
 C - a +2 scale mail of fire resistance
 I - a +2 pair of gloves of stealth (worn)
 J - the +1 robe of Vines (worn) {NoPotionHeal Regen++++}
   (You found it on level 9 of the Dungeon)

   Its wearer cannot be healed by potions.
   Regen:     It increases your rate of health regeneration.
Jewellery
 A - a +6 ring of intelligence (left hand)
 D - a +6 ring of intelligence (right hand)
Wands
 G - a wand of flame (8)
 H - a wand of mindburst (11)
Scrolls
 h - a scroll of identify
 l - 9 scrolls of fear
 m - 4 scrolls of enchant weapon
 o - a scroll of summoning
 q - 2 scrolls of fog {unknown}
 r - 2 scrolls of blinking {unknown}
 s - a scroll of torment {unknown}
 t - a scroll of enchant armour {unknown}
 u - a scroll of immolation {unknown}
Potions
 d - 2 potions of brilliance
 e - 3 potions of heal wounds
 f - 3 potions of haste {unknown}
 j - a potion of lignification
 p - 2 potions of magic {unknown}
 z - 3 potions of curing {unknown}
 B - a potion of ambrosia {unknown}
 E - 2 potions of attraction {unknown}


   Skills:
 + Level 4.3(9.3) Fighting
 * Level 13.1(18.1) Long Blades
 * Level 3.2(8.2) Crossbows
 * Level 5.0(10.0) Armour
 + Level 4.7(9.7) Shields
 + Level 7.6 Spellcasting
 * Level 6.4 Hexes
 * Level 3.9 Invocations


You had 24 spell levels left.
You knew the following spells:

 Your Spells              Type           Power      Damage    Failure   Level
a - Slow                  Hex            100%       N/A       1%          1

Your spell library contained the following spells:

 Spells                   Type           Power      Damage    Failure   Level
 Confusing Touch          Hex            33%        N/A       1%          3
 Portal Projectile        Hex/Tloc       40%        N/A       7%          3
 Pain                     Necr           28%        1d5       9%          1
 Conjure Flame            Conj/Fire      7%         6-21      26%         3
 Ignite Poison            Fire/Tmut/Pois 7%         N/A       26%         3
 Vampiric Draining        Necr           7%         2d6       26%         3
 Airstrike                Air            3%         N/A       65%         4
 Sticky Flame             Conj/Fire      7%         2d3       65%         4
 Agony                    Necr           7%         N/A       94%         5
 Blade Hands              Tmut           3%         N/A       94%         5
 Excruciating Wounds      Necr           3%         N/A       94%         5
 Lightning Bolt           Conj/Air       3%         1d15      94%         5
 Animate Skeleton         Necr           Unusable   N/A       N/A         1
 Summon Lightning Spire   Summ/Air       Unusable   N/A       N/A         4

Dungeon Overview and Level Annotations

Branches:
Dungeon (10/15)            Temple (1/1) D:4            Lair (0/6) D:9
  Sewer (visited)
    Orc: D:9-12

Altars:
Ashenzari
Cheibriados
Dithmenos
Elyvilon
Fedhas
Gozag
Hepliaklqana
Kikubaaqudgha
Makhleb
Nemelex Xobeh
Okawaru
Qazlal
Ru
Sif Muna
Trog
Uskayaw
Vehumet
Wu Jian
Xom
Yredelemnul
Zin
The Shining One

Shops:
D:8 (   D:10 [[**

Annotations:
D:9 Joseph


Innate Abilities, Weirdness & Mutations

You cannot be hasted, slowed, berserked, paralysed or teleported.
You can dig through walls and to a lower floor.
You have a pair of large antennae on your head. (SInv)
Your four strong arms can wield two-handed weapons with a shield.


Message History

Your weapon exudes an aura of protection.
The cyan ugly thing is lightly wounded.
The cyan ugly thing barely misses you.
You slash the cyan ugly thing!
The cyan ugly thing is moderately wounded.
The cyan ugly thing bites you! The cyan ugly thing shocks you!
* * * LOW HITPOINT WARNING * * *
You slash the cyan ugly thing!
The cyan ugly thing is heavily wounded.
You barely miss the cyan ugly thing.
The cyan ugly thing is heavily wounded.
The cyan ugly thing misses you.
Unknown command.
You barely miss the cyan ugly thing.
The cyan ugly thing is heavily wounded.
The cyan ugly thing bites you!
* * * LOW HITPOINT WARNING * * *
The cyan ugly thing shocks you!
* * * LOW HITPOINT WARNING * * *
Unknown command.
Okay, then.
Aiming: Mindburst
Press: ? - help, Shift-Dir - straight line, f - cyan ugly thing
Aim: a cyan ugly thing (heavily wounded, chance to affect: 48%)
The cyan ugly thing's mind is blasted!
The cyan ugly thing bites you but does no damage.
Aiming: Mindburst
Press: ? - help, Shift-Dir - straight line, f/p - cyan ugly thing
Aim: a cyan ugly thing (severely wounded, chance to affect: 48%)
The cyan ugly thing resists with some effort.
You hear a roar!
The cyan ugly thing bites you but does no damage.
You hear a shout!
Aiming: Mindburst
Press: ? - help, Shift-Dir - straight line, f/p - cyan ugly thing
Aim: a cyan ugly thing (severely wounded, chance to affect: 48%)
The cyan ugly thing's mind is blasted!
The cyan ugly thing bites you.
* * * LOW HITPOINT WARNING * * *
The cyan ugly thing shocks you!
You die...

................##..#..##.....#
...............#.##...##.######
...............##.##.##.##
...............###.###.##
...............# ##.#.##
.[.............# ##.##
...............# #.#
...............### #.#
...............#@###.#
........<......##u##.########
............{..u.............
##.......####)#.#####.#######
#.......# #(##.# #.# #.......#
##.#.# #.# #......u# ###.# #.#
##.......######.# #.#
................#####.########


You could see a cyan ugly thing.

Vanquished Creatures
  Harold (D:9)
  A centaur warrior (D:9)
  2 two-headed ogres
  Maurice (D:10)
  2 centaur zombies (D:10)
  4 molten gargoyles (D:10)
  A gargoyle (D:10)
  Psyche (D:8)
  A troll (D:10)
  Prince Ribbit (D:8)
  A shadow (D:9)
  2 wyverns
  Sigmund (D:2)
  5 vampire mosquitoes (D:10)
  Menkaure (D:7)
  A water moccasin (D:7)
  2 sky beasts
  Pargi (Sewer)
  2 ice beasts
  2 necrophages
  3 ogres
  A centaur (D:9)
  A kobold brigand (D:10)
  2 bullfrogs (D:7)
  3 scorpions
  7 wights
  5 electric eels
  2 howler monkeys
  A bullfrog zombie (D:7)
  A jelly (D:5)
  2 orc priests (D:5)
  A gnoll shaman (D:5)
  A centaur skeleton (D:6)
  An iguana (D:6)
  Terence (D:2)
  3 orc wizards
  A howler monkey zombie (D:6)
  8 adders
  8 gnolls
  A shadow imp (D:8)
  2 white imps
  2 ufetubi
  5 dart slugs
  13 orcs
  5 endoplasms
  6 giant cockroaches
  4 goblins
  13 hobgoblins
  A jackal (D:4)
  12 kobolds
  5 quokkas
  7 ball pythons
  8 bats
  4 frilled lizards
  4 rats
177 creatures vanquished.

Vanquished Creatures (others)
  2 plants (D:9)
2 creatures vanquished.

Grand Total: 179 creatures vanquished

Notes
Turn   | Place    | Note
-------+----------+-------------------------------------------
     0 | D:1      | browni3141 the Formicid Fighter began the quest for the
                  | Orb.
     0 | D:1      | Reached XP level 1. HP: 18/18 MP: 1/1
    98 | D:1      | Reached XP level 2. HP: 20/24 MP: 2/2
   382 | D:1      | Reached skill level 3 in Long Blades
   738 | D:1      | Reached XP level 3. HP: 29/29 MP: 3/3
  1496 | D:2      | Found a faded altar of an unknown god.
  1625 | D:2      | Reached skill level 4 in Long Blades
  1625 | D:2      | Reached XP level 4. HP: 32/35 MP: 4/4
  1881 | D:2      | Noticed Terence
  1887 | D:2      | Killed Terence
  1961 | D:2      | Noticed Sigmund
  1973 | D:2      | Killed Sigmund
  1974 | D:2      | Reached skill level 6 in Long Blades
  1974 | D:2      | Reached XP level 5. HP: 4/41 MP: 5/5
  1974 | D:2      | Reached XP level 6. HP: 4/47 MP: 6/6
  2974 | D:3      | Found a sparkling altar of Nemelex Xobeh.
  3251 | D:4      | Found a staircase to the Ecumenical Temple.
  3373 | D:4      | Noticed an ogre
  3618 | D:4      | Reached XP level 7. HP: 48/52 MP: 7/7
  3655 | D:4      | Reached skill level 7 in Long Blades
  4249 | D:4      | Learned a level 1 spell: Slow
  4653 | D:5      | Entered Level 5 of the Dungeon
  4668 | D:5      | Reached skill level 1 in Spellcasting
  4864 | D:5      | Reached skill level 8 in Long Blades
  4891 | D:5      | Reached XP level 8. HP: 56/58 MP: 10/10
  6158 | D:6      | Reached skill level 9 in Long Blades
  6330 | D:6      | Found a glowing drain.
  6344 | Sewer    | Entered a sewer
  6381 | Sewer    | Noticed Pargi
  6406 | Sewer    | Killed Pargi
  7109 | D:6      | Reached XP level 9. HP: 52/64 MP: 13/15
  7282 | D:6      | Reached skill level 10 in Long Blades
  8153 | D:7      | Reached skill level 1 in Hexes
  8282 | D:7      | Found a shimmering blue altar of Sif Muna.
  8283 | D:7      | Found a radiant altar of Vehumet.
  8284 | D:7      | Found a broken altar of Ashenzari.
  8315 | D:7      | Reached skill level 5 in Spellcasting
  8956 | D:7      | You fall into a shaft and drop 1 floor!
  8980 | D:8      | Noticed Psyche
  9108 | D:7      | Noticed Menkaure
  9123 | D:7      | Killed Menkaure
  9472 | D:8      | Noticed Prince Ribbit
  9478 | D:8      | Killed Prince Ribbit
  9479 | D:8      | Reached skill level 11 in Long Blades
  9610 | D:8      | Found an ancient bone altar of Kikubaaqudgha.
  9771 | D:8      | Found Jydeitz's Antique Weapon Shop.
  9955 | D:8      | Killed Psyche
  9956 | D:8      | Reached XP level 10. HP: 70/70 MP: 18/18
 10091 | D:9      | Found a staircase to the Lair.
 10121 | D:9      | Noticed Harold
 10139 | D:9      | Killed Harold
 10140 | D:9      | Reached skill level 12 in Long Blades
 10359 | D:9      | Noticed a cyan ugly thing
 10361 | D:9      | Noticed a centaur warrior
 10366 | D:9      | Found the +1 robe of Vines {NoPotionHeal Regen++++}
 10379 | D:9      | Noticed a five-headed hydra
 10440 | D:8      | Reached skill level 5 in Hexes
 10643 | Temple   | Entered the Ecumenical Temple
 10696 | Temple   | Became a worshipper of Warmaster Okawaru
 10850 | D:9      | Found a white marble altar of Elyvilon.
 11099 | D:9      | Found an ornate altar of the Wu Jian Council.
 11101 | D:9      | Noticed Joseph
 11116 | D:10     | Entered Level 10 of the Dungeon
 11239 | D:10     | Found Ruli's Armour Shoppe.
 11249 | D:10     | Reached * piety under Okawaru
 11494 | D:10     | Noticed a gargoyle
 11628 | D:10     | Killed a gargoyle
 11791 | D:10     | Noticed a two-headed ogre
 11830 | D:10     | Killed a two-headed ogre
 11830 | D:10     | Reached ** piety under Okawaru
 11831 | D:10     | Reached skill level 1 in Crossbows
 11831 | D:10     | Reached skill level 1 in Invocations
 11831 | D:10     | Reached XP level 11. HP: 76/76 MP: 21/21
 12211 | D:10     | Noticed Maurice
 12225 | D:10     | Killed Maurice
 12338 | D:10     | Found Qetrozit's Antique Armour Shoppe.
 12966 | D:10     | Reached skill level 13 in Long Blades
 13309 | D:10     | Found Lyesy's Assorted Antiques.
 13315 | D:10     | Bought a scroll of identify for 58 gold pieces
 13863 | D:10     | Found Cemila's Assorted Antiques.
 13877 | D:10     | Found a hide-covered altar of Uskayaw.
 14066 | D:9      | Killed a centaur warrior
 14066 | D:9      | Reached *** piety under Okawaru
 14086 | D:9      | Noticed a two-headed ogre
 14148 | D:9      | Noticed a boulder beetle
 14238 | D:9      | Killed a two-headed ogre
 14239 | D:9      | Reached skill level 5 in Armour
 14258 | D:9      | Identified the +6 war axe "Pewysif" {pain, Fly rC+}
 14381 | D:9      | HP: 1/77 [cyan ugly thing (12)]
 14384 | D:9      | Slain by a cyan ugly thing

Illustrated notes

Levels and vault maps discovered:
D:1:      tarquinn_simple_flora_water_b, layout_rooms, grunt_decor_one_mirror,
          feat_on_display
D:2:      minmay_spotlight, layout_basic,
          shapermc_ecumenical_altar_mp_urbaneastern, uniq_terence, uniq_sigmund
D:3:      layout_rooms, lemuel_coloured_pillars_altar
D:4:      layout_basic, minmay_temple_entry_fiery,
          nicolae_concentric_dashed_squares_mild, minmay_bent
D:5:      layout_cave_pools, sigmund_army
D:6:      layout_cave_pods, portal_sewer_entry_b, kennysheep_generic_room_4
D:7:      layout_loops_corners, chequers_temple_overflow_statue_of_worship,
          uniq_menkaure
D:8:      layout_basic, lemuel_tele_altar, serial_shops, kennysheep_mini_moat,
          uniq_psyche, uniq_prince_ribbit1
D:9:      layout_small_grid, nicolae_elyvilon_temple_path,
          nzn_wu_jian_contemplation, lair_entry_dummy, minmay_diamond_spiral,
          uniq_harold, uniq_joseph
D:10:     layout_basic, nicolae_uskayaw_dance_studio, serial_corexii_hall,
          corexii_hall_statues_x, corexii_hall_statues_t,
          chequers_hall_statues_corner_a, serial_shops, nicolae_shop_trees,
          shop, shop_statue, nicolae_inconvenience_store, minivault_8,
          uniq_maurice
Temple:   zaba_magenta_temple

Skill      XL: |  1  2  3  4  5  6  7  8  9 10 11 |
---------------+----------------------------------+-----
Long Blades    | 3 4 6 8 9 11 12 13 | 13.1
Spellcasting   | 1 4 5 7 |  7.6
Hexes          | 3 5 6 |  6.4
Crossbows      | 1 3 |  3.2
Invocations    | 1 3 |  3.9
Armour         | 5 |  5.0
Shields        | 4 |  4.7
Fighting       | 4 |  4.3

Action                   |  1- 3 |  4- 6 |  7- 9 | 10-12 || total
-------------------------+-------+-------+-------+-------++-------
Melee: Long sword        |   117 |    99 |   243 |       ||   459
       Scimitar          |       |       |   103 |   212 ||   315
       Unarmed           |       |       |     5 |       ||     5
 Fire: Hand crossbow     |       |       |       |    41 ||    41
Invok: Heroism           |       |       |       |     8 ||     8
 Abil: Dig               |     3 |     1 |    15 |     8 ||    27
Evoke: Wand              |       |       |       |     3 ||     3
  Use: Potion            |       |     1 |       |     2 ||     3
       Scroll            |       |       |     7 |     3 ||    10
Armor: Scale mail        |    51 |    30 |       |    77 ||   158
       Chain mail        |       |     7 |   143 |     5 ||   155
       Robe              |       |       |       |     2 ||     2
Dodge: Dodged            |    57 |    36 |   116 |    78 ||   287
Block: Buckler           |    29 |     9 |    58 |    34 ||   130

Table legend: (Time is in decaauts)
 A = Elapsed time spent in this place.
 B = Non-inter-level travel time spent in this place.
 C = Inter-level travel time spent in this place.
 D = Time resting spent in this place.
 E = Time spent auto-exploring this place.
 F = Levels seen in this place.
 G = Mean time per level.
                   A        B        C        D        E       F      G
               +--------+--------+--------+--------+--------+-----+--------+
         Total |  14400 |  13494 |    906 |   3041 |   8404 |  12 | 1200.0 |
       Dungeon |  14133 |  13246 |    887 |   3041 |   8232 |  10 | 1413.3 |
        Temple |     77 |     59 |     18 |      0 |     43 |   1 |   77.0 |
         Sewer |    189 |    189 |      0 |      0 |    129 |   1 |  189.0 |
               +--------+--------+--------+--------+--------+-----+--------+

Top non-repeatable levels by time:
    D:10: 2893 daAuts
     D:6: 1780 daAuts
     D:4: 1757 daAuts
     D:7: 1427 daAuts
     D:2: 1397 daAuts
     D:5: 1233 daAuts
     D:1: 1161 daAuts
     D:9: 1072 daAuts
     D:3: 786 daAuts
     D:8: 621 daAuts
   Sewer: 189 daAuts
  Temple: 77 daAuts
